 Dungeon Sprint DCSS version 0.28.0-43-g3370ac3207 (webtiles) character file.

Game seed: 8667297946900404289

2328 boopmooplesden the Severer (level 9, -9/100 HPs)
             Began as a Minotaur Berserker on Mar 15, 2022.
             Was an Elder of Trog.
             Mangled by Sonja
             ... wielding a +1 dagger of distortion
              (20 damage)
             ... in the Dungeon (Sprint I: "Red Sonja").
             The game lasted 00:02:01 (945 turns).

boopmooplesden the Severer (Minotaur Berserker)      Turns: 945, Time: 00:02:03

Health: -9/100     AC:  4    Str: 25    XL:     9   Next: 19%
Magic:  8/8        EV: 14    Int:  4    God:    Trog [****..]
Gold:   430        SH:  0    Dex: 11    Spells: 8/8 levels left

rFire   . . .      SeeInvis .   a - +0 hand axe
rCold   . . .      Faith    .   (no shield)
rNeg    . . .      Spirit   .   l - +0 leather armour
rPois   .          Reflect  .   (helmet restricted)
rElec   .          Harm     .   (no cloak)
rCorr   .          Rampage  .   (no gloves)
Will    .....      NoTele   +   (no boots)
Stlth   +.........              (no amulet)
HPRegen 0.26/turn               (no ring)
MPRegen 0.11/turn               (no ring)

@: lethally poisoned (-9 -> -11), on berserk cooldown, hasted and slowed
A: horns 2, retaliatory headbutt
a: Renounce Religion, Berserk, Trog's Hand, Brothers in Arms


You were in the Dungeon.
You worshipped Trog.
Trog was greatly pleased with you.
You visited 1 branch You collected 430 gold pieces.

Inventory:

Hand Weapons
 a - a +0 hand axe (weapon)
 k - a +5 vampiric dagger
Armour
 b - a +0 animal skin
 l - a +0 leather armour (worn)
Wands
 i - a wand of iceblast (9)
Scrolls
 h - 2 scrolls of blinking
Potions
 c - a potion of curing
 d - a potion of heal wounds
 f - 2 potions of magic
 g - a potion of berserk rage
 j - a potion of cancellation {unknown}


   Skills:
 + Level 15.7 Fighting
 + Level 15.8 Axes
 + Level 8.5 Armour
 + Level 8.2 Dodging
 + Level 1.1 Stealth


You had 8 spell levels left.
You didn't know any spells.
Your spell library was empty.

Dungeon Overview and Level Annotations

Branches:
Dungeon (1/1)

Altars:
Cheibriados
Dithmenos
Elyvilon
Fedhas
Gozag
Hepliaklqana
Kikubaaqudgha
Makhleb
Nemelex Xobeh
Okawaru
Qazlal
Ru
Sif Muna
Trog
Uskayaw
Vehumet
Wu Jian
Xom
Yredelemnul
Zin
The Shining One
Jiyva
Lugonu

Shops:
D ?[

Annotations:
D Sonja


Innate Abilities, Weirdness & Mutations

You have a pair of horns on your head.
You reflexively headbutt those who attack you in melee.


Message History

Sonja is heavily wounded.
Sonja gestures wildly while chanting.
Sonja blinks!
Sonja throws a curare-tipped dart.
The curare-tipped dart hits you.
You are poisoned.
You have difficulty breathing.
You feel as though you will be slow longer.
You feel sick.
Sonja hits you with a +1 dagger of distortion.
Sonja hits you but does no damage. Space warps around you.
* * * LOW HITPOINT WARNING * * *
Sonja barely misses you.
You closely miss Sonja. Your headbutt misses Sonja.
Sonja is heavily wounded.
Sonja barely misses you.
Sonja hits you with a +1 dagger of distortion.
* * * LOW HITPOINT WARNING * * *
Sonja hits you with a +1 dagger of distortion.
* * * LOW HITPOINT WARNING * * *
Space warps around you.
* * * LOW HITPOINT WARNING * * *
You hit Sonja but do no damage.
Sonja is heavily wounded.
You feel sick.
You completely miss Sonja.
Sonja is heavily wounded.
Sonja hits you with a +1 dagger of distortion.
* * * LOW HITPOINT WARNING * * *
Space warps around you.
* * * LOW HITPOINT WARNING * * *
Sonja closely misses you.
Sonja hits you with a +1 dagger of distortion.
* * * LOW HITPOINT WARNING * * *
You slash Sonja! Your headbutt misses Sonja.
Sonja is severely wounded.
You feel sick.
Sonja hits you with a +1 dagger of distortion.
* * * LOW HITPOINT WARNING * * *
Space warps horribly around you!!
You die...

#..#####'#####'#__####...+
#..####..#...#(####§!#####
#..#__####..##.#≈§§.§#
#..#_____##'#_§§§≈§§.+
#⌠⌠#_.∩...÷..._#≈§§§.#
####_..__##_.#'##§####
#_____###+#(#§§(.###
#########.####'###$##
.'..$'K@.$$'(∩#
##...########## ##


You could see Sonja.

Vanquished Creatures
  A centaur warrior (D)
  A deep troll (D)
  2 kobold demonologists (D)
  A slime creature (D)
  A yak (D)
  Sigmund (D)
  A floating eye (D)
  An ogre (D)
  A jelly (D)
  Ijyb (D)
11 creatures vanquished.

Notes
Turn   | Place    | Note
-------+----------+-------------------------------------------
     0 | D        | boopmooplesden the Minotaur Berserker began the quest for
                  | the Orb.
     0 | D        | Reached XP level 1. HP: 19/19 MP: 0/0
     1 | D        | Noticed Ijyb
     5 | D        | Killed Ijyb
     6 | D        | Reached skill level 5 in Fighting
     6 | D        | Reached skill level 5 in Axes
     6 | D        | Reached XP level 2. HP: 29/29 MP: 1/1
    37 | D        | Noticed an ogre
    40 | D        | Killed an ogre
    41 | D        | Reached XP level 3. HP: 40/40 MP: 2/2
    41 | D        | Reached XP level 4. HP: 48/48 MP: 3/3
   149 | D        | Noticed Sigmund
   154 | D        | Killed Sigmund
   154 | D        | Reached ** piety under Trog
   155 | D        | Reached skill level 5 in Armour
   155 | D        | Reached XP level 5. HP: 58/58 MP: 4/4
   198 | D        | Found a burning altar of Makhleb.
   198 | D        | Found a viscous altar of Jiyva.
   198 | D        | Found a shimmering altar of Xom.
   198 | D        | Found a corrupted altar of Lugonu.
   198 | D        | Noticed a slime creature
   202 | D        | Killed a slime creature
   203 | D        | Reached skill level 5 in Dodging
   203 | D        | Reached XP level 6. HP: 68/68 MP: 5/5
   269 | D        | Noticed a kobold demonologist
   269 | D        | Noticed a floating eye
   271 | D        | Noticed a kobold demonologist
   274 | D        | Paralysed by a floating eye for 2 turns
   280 | D        | Killed a kobold demonologist
   281 | D        | Reached XP level 7. HP: 78/78 MP: 6/6
   281 | D        | Killed a kobold demonologist
   281 | D        | Reached *** piety under Trog
   285 | D        | Reached XP level 8. HP: 86/86 MP: 7/7
   302 | D        | Found an ornate altar of the Wu Jian Council.
   302 | D        | Found a shimmering blue altar of Sif Muna.
   304 | D        | Found a radiant altar of Vehumet.
   369 | D        | Found Fyxiotub's Magic Scroll Emporium.
   369 | D        | Found an ancient bone altar of Kikubaaqudgha.
   369 | D        | Found a hazy altar of Hepliaklqana.
   369 | D        | Found a hide-covered altar of Uskayaw.
   369 | D        | Found a basalt altar of Yredelemnul.
   369 | D        | Found an opulent altar of Gozag.
   369 | D        | Found a snail-covered altar of Cheibriados.
   369 | D        | Found a sacrificial altar of Ru.
   369 | D        | Found a shadowy altar of Dithmenos.
   375 | D        | Reached **** piety under Trog
   376 | D        | Found a stormy altar of Qazlal.
   376 | D        | Found a blossoming altar of Fedhas.
   376 | D        | Found a bloodstained altar of Trog.
   376 | D        | Found an iron altar of Okawaru.
   376 | D        | Found a glowing golden altar of the Shining One.
   376 | D        | Found a glowing silver altar of Zin.
   376 | D        | Found a white marble altar of Elyvilon.
   377 | D        | Found a sparkling altar of Nemelex Xobeh.
   459 | D        | Noticed a centaur warrior
   459 | D        | Noticed a centaur warrior
   476 | D        | Killed a centaur warrior
   477 | D        | Reached skill level 15 in Axes
   694 | D        | Noticed a deep troll
   700 | D        | Killed a deep troll
   701 | D        | Reached skill level 15 in Fighting
   701 | D        | Reached skill level 1 in Stealth
   701 | D        | Reached XP level 9. HP: 68/100 MP: 8/8
   907 | D        | Noticed Sonja
   928 | D        | Found Zocaddoi's Armour Emporium.
   945 | D        | Mangled by Sonja

Illustrated notes

Levels and vault maps discovered:
D:        dungeon_sprint_1 [red_sonja_temple_1, red_sonja_temple_small_1]

Skill      XL: |  1  2  3  4  5  6  7  8 |
---------------+-------------------------+-----
Fighting       | 5 7 9 11 12 13 15 | 15.7
Axes           | 5 7 9 11 12 13 15 | 15.8
Armour         | 3 4 5 6 7 8 |  8.5
Dodging        | 3 4 5 6 8 |  8.2
Stealth        | 1 |  1.1

Action                   |  1- 3 |  4- 6 |  7- 9 || total
-------------------------+-------+-------+-------++-------
Melee: Hand axe          |     5 |    14 |    37 ||    56
       Headbutt          |     2 |     4 |     7 ||    13
       Punch             |       |       |     2 ||     2
Invok: Berserk           |     1 |     3 |     3 ||     7
  Use: Potion            |       |       |     1 ||     1
Armor: Leather armour    |       |       |     4 ||     4
Dodge: Dodged            |     3 |     5 |    19 ||    27
